 Dungeon Crawl Stone Soup version 0.26-a0-665-gefeb406119 (webtiles) character file.

Game seed: 4283103086663697406

5943 jasper the Grappler (level 10, -11/56 HPs)
             Began as a Vine Stalker Fighter on Oct 13, 2020.
             Was an Elder of Makhleb.
             Mangled by a hornet (12 damage)
             ... on level 9 of the Dungeon.
             The game lasted 00:13:40 (8405 turns).

jasper the Grappler (Vine Stalker Fighter)          Turns: 8405, Time: 00:13:47

Health: -11/56     AC:  8    Str: 19    XL:     10   Next: 83%
Magic:  0/23       EV:  8    Int:  9    God:    Makhleb [****..]
Gold:   421        SH: 16    Dex: 16    Spells: 3/9 levels left

rFire    . . .     SeeInvis .     - Unarmed
rCold    . . .     Faith    .   b - +0 kite shield
rNeg     . . .     Spirit   +   i - +0 ring mail (curse)
rPois    .         Reflect  +   x - +0 helmet
rElec    .         Harm     .   O - +0 cloak
rCorr    .         Rampage  .   l - +0 pair of gloves
MR       +....                  (no boots)
Stlth    +.........             c - amulet of reflection
HPRegen  0.58/turn              v - ring of magical power
MPRegen  0.18/turn              G - ring of flight

@: mighty, lethally poisoned (-11 -> -11), slowed, very slow
A: fangs 3, regeneration 1, magic shield, antimagic bite, no potion heal 3, rot
immunity
a: Minor Destruction, Lesser Servant of Makhleb, Major Destruction, Renounce
Religion, Evoke Flight


You were on level 9 of the Dungeon.
You worshipped Makhleb.
Makhleb was greatly pleased with you.
You visited 2 branches of the dungeon, and saw 10 of its levels.
You also visited: Ossuary.

You collected 421 gold pieces.

Inventory:

Missiles
 g - a curare-tipped dart
 k - 293 stones
 o - 3 poisoned darts
 u - 6 silver javelins (quivered)
Armour
 a - a +0 scale mail
 b - a +0 kite shield (worn)
 i - a cursed +0 ring mail (worn)
 l - a +0 pair of gloves (worn)
 x - a +0 helmet (worn)
 N - the +3 ring mail of the Old World {Harm rElec rPois Int+4}
   (You took it off an orc on level 4 of the Dungeon)

   It affects your intelligence (+4).
   It insulates you from electricity.
   It protects you from poison.
   It increases damage dealt and taken.
 O - a +0 cloak (worn)
Jewellery
 c - an amulet of reflection (around neck)
 v - a ring of magical power (left hand)
 F - an uncursed amulet of the acrobat {unknown}
 G - a ring of flight (right hand)
 L - an uncursed ring of fire
Wands
 z - a wand of random effects (12)
 H - a wand of flame (10)
 M - a wand of polymorph (4)
Scrolls
 e - 8 scrolls of teleportation
 f - 7 scrolls of remove curse
 j - a scroll of amnesia
 m - a scroll of fear
 p - a scroll of fog {unknown}
 r - 3 scrolls of magic mapping {unknown}
 t - 5 scrolls of immolation {unknown}
 w - 5 scrolls of random uselessness {unknown}
 y - 2 scrolls of blinking {unknown}
 B - 2 scrolls of enchant weapon {unknown}
 D - 9 scrolls of identify
Potions
 d - 7 potions of heal wounds
 h - 2 potions of flight
 n - 4 potions of curing
 q - a potion of brilliance
 s - 3 potions of lignification {unknown}
 A - 4 potions of magic {unknown}
 C - a potion of invisibility {unknown}
 E - a potion of haste {unknown}
 I - a potion of mutation {unknown}
 J - a potion of might
 K - 2 potions of stabbing {unknown}
 P - a potion of degeneration {unknown}


   Skills:
 * Level 7.7 Fighting
 - Level 2.4 Armour
 + Level 6.7 Shields
 - Level 11.0 Unarmed Combat
 - Level 5.0 Invocations


You had 3 spell levels left.
You knew the following spells:

 Your Spells              Type           Power        Failure   Level
a - Confusing Touch       Hex            #.......     99%         3
b - Tukima's Dance        Hex            #.......     99%         3

Your spell library contained the following spells:

 Spells                   Type           Power        Failure   Level
 Corona                   Hex            #......      90%         1
 Ensorcelled Hibernation  Hex/Ice        #.....       97%         2
 Dazzling Flash           Conj/Hex       #.....       99%         3
 Gell's Gravitas          Tloc           #.........   99%         3
 Petrify                  Tmut/Erth      #.......     100%        4
 Metabolic Englaciation   Hex/Ice        #.........   100%        5
 Summon Forest            Summ/Tloc      #.........   100%        5
 Yara's Violent Unravell  Hex/Tmut       #.........   100%        5
 Ozocubu's Refrigeration  Ice            #.........   100%        6
 Malign Gateway           Summ/Tloc      #.........   100%        7


Dungeon Overview and Level Annotations

Branches:
Dungeon (9/15)             Temple (1/1) D:5            Lair (0/6) D:8
Ossuary (visited)
    Orc: D:9-12

Altars:
Ashenzari
Cheibriados
Dithmenos
Fedhas
Gozag
Kikubaaqudgha
Makhleb
Nemelex Xobeh
Okawaru
Qazlal
Sif Muna
Trog
Uskayaw
Vehumet
Wu Jian
Xom
Yredelemnul
Zin
The Shining One
Beogh

Annotations:
D:9 Grum


Innate Abilities, Weirdness & Mutations

You have razor-sharp teeth.
Your natural rate of healing is unusually fast.
When hurt, damage is shared between your health and your magic reserves.
Your bite disrupts and absorbs the magic of your enemies.
Potions cannot restore your health.
You are immune to rotting.


Message History

The ice beast hits you but does no damage.
You block the ice beast's attack. The hornet stings you!
* * * LOW HITPOINT WARNING * * *
You are poisoned.
You feel as though you will be slow longer.
You take 6 damage, and have 4/56 hp.
You now have 2/23 mp.
Unknown command.
You barely miss the ice beast. You bite the ice beast.
You kill the ice beast!
Makhleb accepts your kill.
You feel better.
You feel sick. You block the hornet's attack.
You regained 5 hp, and now have 9/56 hp.
Unknown command.
You completely miss the hornet.
The hornet is moderately wounded.
You feel sick. The hornet stings you!
* * * LOW HITPOINT WARNING * * *
You feel as though you will be slow longer.
You block the hornet's attack. The hornet stings you!
You die...

#...............))#. ...
#...................
....#...................
....#..................#
........#..............#
..>.....................
#..........................
#..........#..รท$.......y..#
.........y@.......#####+#..
........#####.###.# ......
........##+##'###..! ......
...........(....####.......
................# ......
#...............# #.....
#...............# #.....
#........(..#+### #.....
#......<....#+## #.....


You could see a hornet.

Vanquished Creatures
  The ghost of zazu2006 the Magician, a novice NaWz (D:4)
  A komodo dragon (D:8)
  5 yaks (D:9)
  Menkaure (Ossuary)
  A water moccasin (D:5)
  4 orc warriors
  An ice beast (D:9)
  2 sky beasts (D:8)
  A black bear (D:8)
  A phantom (D:5)
  2 ogres (D:6)
  6 centaurs
  3 big kobolds
  4 bullfrogs
  4 scorpions
  6 killer bees (D:9)
  5 wights (D:6)
  A jelly (D:7)
  2 howler monkeys
  A bullfrog zombie (D:7)
  4 hounds
  9 orc wizards
  10 orc priests
  A centaur skeleton (D:4)
  Terence (D:3)
  2 iguanas
  5 worker ants
  4 mummies
  2 hound skeletons
  4 worker ant zombies
  11 adders
  A shadow imp (D:5)
  3 white imps
  2 ufetubi
  5 oozes
  A worm (D:5)
  4 dart slugs (D:1)
  5 leopard geckos
  36 orcs
  9 bats
  5 giant cockroaches
  8 hobgoblins
  4 jackals
  A quokka (D:5)
  2 ball pythons (D:2)
  6 frilled lizards
  A giant cockroach zombie (D:6)
  3 gnoll skeletons (Ossuary)
  4 gnoll zombies (Ossuary)
  9 goblins
  6 goblin skeletons (Ossuary)
  2 goblin zombies (Ossuary)
  3 hobgoblin skeletons (Ossuary)
  6 hobgoblin zombies (Ossuary)
  16 kobolds
  8 kobold skeletons (Ossuary)
  5 kobold zombies (Ossuary)
  2 orc skeletons (Ossuary)
  4 orc zombies (Ossuary)
  A quokka skeleton (D:9)
  7 rats
  2 rat skeletons (Ossuary)
  4 rat zombies (Ossuary)
280 creatures vanquished.

Vanquished Creatures (collateral kills)
  Harold (D:7)
  A hound (D:9)
  A quokka (D:7)
3 creatures vanquished.

Vanquished Creatures (others)
  A hobgoblin skeleton (Ossuary)
  3 fungi (D:8)
  6 plants
10 creatures vanquished.

Grand Total: 293 creatures vanquished

Notes
Turn   | Place    | Note
-------+----------+-------------------------------------------
     0 | D:1      | jasper the Vine Stalker Fighter began the quest for the
                  | Orb.
     0 | D:1      | Reached XP level 1. HP: 11/11 MP: 2/2
   157 | D:1      | Reached XP level 2. HP: 16/16 MP: 3/3
   240 | D:1      | Reached skill level 3 in Unarmed Combat
   418 | D:1      | Reached XP level 3. HP: 15/19 MP: 4/4
   916 | D:1      | Reached skill level 4 in Unarmed Combat
  1135 | D:2      | Gained mutation: Your natural rate of healing is unusually
                  | fast. [Vine Stalker growth]
  1135 | D:2      | Reached XP level 4. HP: 13/23 MP: 2/5
  1348 | D:2      | You fall into a shaft and drop 1 floor!
  1348 | D:3      | Noticed Terence
  1352 | D:3      | Killed Terence
  1352 | D:3      | Reached skill level 5 in Unarmed Combat
  1352 | D:3      | Reached XP level 5. HP: 27/27 MP: 6/6
  1988 | D:4      | Reached skill level 6 in Unarmed Combat
  1988 | D:4      | Reached XP level 6. HP: 29/32 MP: 5/7
  2063 | D:4      | Noticed an orc warrior
  2099 | D:4      | Found a basalt altar of Yredelemnul.
  2099 | D:4      | Found a runed translucent gate.
  2099 | D:4      | Found a runed translucent gate.
  2099 | D:4      | Found a runed translucent gate.
  2099 | D:4      | Identified the +3 ring mail of the Old World {Harm rElec
                  | rPois Int+4}
  2182 | D:4      | Found an ornate altar of the Wu Jian Council.
  2205 | D:5      | Entered Level 5 of the Dungeon
  2205 | D:5      | Found a staircase to the Ecumenical Temple.
  2231 | D:5      | Noticed a water moccasin
  2236 | Temple   | Entered the Ecumenical Temple
  2307 | Temple   | Became a worshipper of Makhleb the Destroyer
  2331 | D:5      | Killed a water moccasin
  2331 | D:5      | Reached skill level 7 in Unarmed Combat
  2359 | D:5      | Reached XP level 7. HP: 35/35 MP: 8/8
  2384 | D:5      | Found a glowing silver altar of Zin.
  2526 | D:5      | Reached skill level 8 in Unarmed Combat
  2855 | D:5      | Found a sand-covered staircase.
  2864 | Ossuary  | Entered an ossuary
  2905 | Ossuary  | Reached * piety under Makhleb
  3096 | Ossuary  | Reached ** piety under Makhleb
  3145 | Ossuary  | Noticed Menkaure
  3152 | Ossuary  | Killed Menkaure
  3152 | Ossuary  | Reached skill level 9 in Unarmed Combat
  3152 | Ossuary  | Gained mutation: You have razor-sharp teeth. [Vine Stalker
                  | growth]
  3152 | Ossuary  | Reached XP level 8. HP: 16/39 MP: 3/9
  3657 | D:6      | Reached skill level 10 in Unarmed Combat
  4168 | D:7      | Found a shadowy altar of Dithmenos.
  4202 | D:7      | Noticed Harold
  4296 | D:8      | Reached skill level 11 in Unarmed Combat
  4427 | D:8      | Learned a level 3 spell: Confusing Touch
  4446 | D:8      | Noticed a komodo dragon
  4463 | D:8      | Killed a komodo dragon
  4463 | D:8      | Reached skill level 1 in Invocations
  4463 | D:8      | Reached XP level 9. HP: 29/44 MP: 7/11
  4571 | D:8      | Found a staircase to the Lair.
  4674 | D:8      | Reached *** piety under Makhleb
  5443 | D:9      | Reached skill level 5 in Fighting
  5443 | D:9      | Reached skill level 5 in Shields
  5443 | D:9      | Reached XP level 10. HP: 44/51 MP: 13/14
  5528 | D:9      | Reached skill level 5 in Invocations
  5599 | D:9      | Noticed Grum
  5609 | D:9      | HP: 2/53 [wolf[Grum] (2)]
  5830 | D:7      | Killed Harold
  6840 | D:6      | Reached **** piety under Makhleb
  6845 | D:6      | Learned a level 3 spell: Tukima's Dance
  6985 | D:6      | Identified the Compendium of Cold and Calling
  7615 | D:4      | Noticed zazu2006's ghost (novice NaWz)
  7619 | D:4      | Found a roughly hewn altar of Beogh.
  7644 | D:4      | Found a sparkling altar of Nemelex Xobeh.
  7647 | D:4      | Found an iron altar of Okawaru.
  7693 | D:4      | Killed zazu2006's ghost
  8405 | D:9      | HP: 1/56 [hornet (7)]
  8405 | D:9      | Mangled by a hornet

Illustrated notes

Levels and vault maps discovered:
D:1:      evilmike_arrival_fibonacci_small, layout_basic
D:2:      layout_loops_ring
D:3:      layout_loops_cross, uniq_terence
D:4:      layout_gridville, yredelemnul_altar_generic,
          nicolae_overflow_hidden_temple, lemuel_crystal_altar,
          biasface_ghost_orc_armoury
D:5:      layout_basic, lemuel_crystal_altar,
          minmay_temple_entry_gardened_gates, gup_ossuary_entry_pyramid
D:6:      layout_basic, chequers_serial_rivers_large_a,
          minmay_unpleasant_kobolds
D:7:      layout_basic, kennysheep_little_box, serial_co_window_serial,
          co_window_paths_b, co_window_paths_b, co_window_corner_a,
          co_window_of_opportunity_a, co_window_paths_b, co_window_paths_a,
          co_window_corner_a, co_window_2corner, co_window_corner_ca,
          co_window_unsneaky_path_a, co_window_cross_2, co_window_paths_c,
          co_window_paths_c, glass_columns_a, glass_columns_a, uniq_harold
D:8:      layout_gridville, grunt_lair_entry_orc_guard_hut, grunt_ministairs_15,
          minmay_holes
D:9:      layout_basic, uniq_grum
Temple:   cyrus_circular_temple

Skill      XL: |  1  2  3  4  5  6  7  8  9 10 |
---------------+-------------------------------+-----
Unarmed Combat | 3 4 5 6 7 9 11 | 11.0
Fighting       | 3 5 7 |  7.7
Shields        | 3 5 6 |  6.7
Invocations    | 1 4 5 |  5.0
Armour         | |  2.4

Action                   |  1- 3 |  4- 6 |  7- 9 | 10-12 || total
-------------------------+-------+-------+-------+-------++-------
Melee: Unarmed           |   136 |   129 |   391 |   241 ||   897
       Bite              |    41 |    28 |   121 |    81 ||   271
Throw: Stone             |       |     2 |       |       ||     2
       Dart              |       |    11 |       |       ||    11
       Javelin           |       |     1 |     6 |       ||     7
Invok: Lesser Servant of |       |       |       |     4 ||     4
Evoke: Wand              |       |       |     8 |       ||     8
  Use: Potion            |       |     2 |     2 |     2 ||     6
       Scroll            |       |       |     7 |     2 ||     9
Armor: Scale mail        |    39 |       |       |       ||    39
       Ring mail         |    15 |    34 |    59 |    64 ||   172
Dodge: Dodged            |    39 |    41 |    50 |    47 ||   177
Block: Kite shield       |    70 |    78 |   183 |   178 ||   509
       Reflection        |       |     3 |     2 |    19 ||    24

Table legend: (Time is in decaauts)
 A = Elapsed time spent in this place.
 B = Non-inter-level travel time spent in this place.
 C = Inter-level travel time spent in this place.
 D = Time resting spent in this place.
 E = Time spent auto-exploring this place.
 F = Levels seen in this place.
 G = Mean time per level.
                   A        B        C        D        E       F      G
               +--------+--------+--------+--------+--------+-----+--------+
         Total |   8369 |   7956 |    413 |    186 |   5899 |  11 |  760.8 |
       Dungeon |   7920 |   7534 |    386 |    174 |   5672 |   9 |  880.0 |
        Temple |     84 |     57 |     27 |      0 |     50 |   1 |   84.0 |
       Ossuary |    363 |    363 |      0 |     12 |    177 |   1 |  363.0 |
               +--------+--------+--------+--------+--------+-----+--------+

Top non-repeatable levels by time:
     D:6: 1245 daAuts
     D:7: 1117 daAuts
     D:1: 1073 daAuts
     D:5: 935 daAuts
     D:8: 924 daAuts
     D:2: 745 daAuts
     D:3: 654 daAuts
     D:9: 639 daAuts
     D:4: 584 daAuts
 Ossuary: 363 daAuts
  Temple: 84 daAuts
